 Dungeon Crawl Stone Soup version 0.31-a0-569-g7ea453304b (webtiles) character file.

Game seed: 8994662400576249962

1025 JackS81 the Chopper (level 8, -3/60 HPs)
             Began as a Human Berserker on Aug 17, 2023.
             Was a Believer of Trog.
             Slain by a gnoll
             ... wielding a +4 spear of flaming
              (8 damage)
             ... on level 4 of the Dungeon on Aug 18, 2023.
             The game lasted 00:14:23 (3917 turns).

JackS81 the Chopper (Human Berserker)               Turns: 3917, Time: 00:14:24

Health: -3/60      AC:  7    Str: 20    XL:     8   Next: 47%
Magic:  8/8        EV: 13    Int:  8    God:    Trog [**....]
Gold:   163        SH:  0    Dex: 12    Spells: 7/7 levels left

rFire   + . .        a - +0 hand axe
rCold   + . .        (no shield)
rNeg    . . .        b - +0 animal skin
rPois   .            (no helmet)
rElec   .            c - scarf {rC+ rF+}
rCorr   .            (no gloves)
SInv    .            l - +0 pair of boots
Will    ++...        (no amulet)
Stlth   +            k - +4 ring of protection
HPRegen 1.30/turn    (no ring)
MPRegen 0.11/turn

%: no passive effects
@: mighty, strong-willed, on berserk cooldown, regenerating, slowed, very slow
A: no striking features
a: Renounce Religion, Berserk, Trog's Hand


You were on level 4 of the Dungeon.
You worshipped Trog.
Trog was pleased with you.
You visited 1 branch of the dungeon, and saw 6 of its levels.

You collected 163 gold pieces.

Inventory:

Hand Weapons
 a - a +0 hand axe (weapon)
 m - a +0 war axe
Missiles
 i - 42 stones
 x - 4 boomerangs (quivered)
Armour
 b - a +0 animal skin (worn)
 c - a scarf of resistance (worn)
 h - a +0 ring mail
 l - a +0 pair of boots (worn)
 p - a +0 plate armour
Jewellery
 e - a ring of magical power
 k - a +4 ring of protection (left hand)
 r - a ring of ice
Talismans
 f - a blade talisman
Wands
 n - a wand of mindburst (12)
Scrolls
 g - 3 scrolls of vulnerability {unknown}
 o - a scroll of poison {unknown}
 q - a scroll of teleportation {unknown}
 s - a scroll of fear {unknown}
 t - 2 scrolls of identify {unknown}
 u - a scroll of noise {unknown}
 v - a scroll of brand weapon {unknown}
Potions
 d - a potion of curing
 w - a potion of enlightenment {unknown}


   Skills:
 + Level 4.2 Fighting
 * Level 7.1 Axes
 * Level 3.7 Armour
 * Level 4.4 Dodging
 * Level 2.2 Shapeshifting


You had 7 spell levels left.
You didn't know any spells.
Your spell library contained the following spells:

 Spells                   Type           Power      Damage    Failure   Level
 Ensorcelled Hibernation  Hex/Ice        0%         N/A       54%         2
 Summon Guardian Golem    Hex/Summ       0%         N/A       78%         3
 Anguish                  Hex/Necr       0%         N/A       99%         4
 Orb of Destruction       Conj           0%         9d5       100%        7
 Spellforged Servitor     Conj/Summ      0%         N/A       100%        7


Dungeon Overview and Level Annotations

Branches:
Dungeon (6/15)
 Temple: D:4-7

Altars:


Message History

You closely miss the gnoll.
The gnoll is severely wounded.
The gnoll hits you but does no damage. The gnoll misses you.
The gnoll completely misses you.
The gnoll hits you from afar with a +0 spear.
* * * LOW HITPOINT WARNING * * *
The gnoll hits you but does no damage. The gnoll closely misses you.
You slash the gnoll!
You kill the gnoll!
Trog accepts your kill. The gnoll misses you. The gnoll closely misses you.
You closely miss the gnoll.
The gnoll hits you from afar with a +4 spear of flaming.
* * * LOW HITPOINT WARNING * * *
The gnoll closely misses you. x2
You slash the gnoll!
The gnoll is almost dead.
The gnoll barely misses you. x2; The gnoll hits you but does no damage.
The gnoll closely misses you. The gnoll hits you but does no damage.
The gnoll closely misses you.
You hit the gnoll.
You kill the gnoll!
Trog accepts your kill. The gnoll barely misses you.
The gnoll hits you but does no damage.
The gnoll hits you with a +4 spear of flaming.
* * * LOW HITPOINT WARNING * * *
The gnoll burns you.
* * * LOW HITPOINT WARNING * * *
The gnoll hits you with a +0 spear.
* * * LOW HITPOINT WARNING * * *
The gnoll hits you with a +0 spear.
* * * LOW HITPOINT WARNING * * *
The gnoll barely misses you.
Things that are here:
a +0 flail of protection; a +0 club You barely miss the gnoll.
The gnoll is severely wounded.
You closely miss the gnoll.
The gnoll hits you with a +4 spear of flaming!
You die...

#########
##)>)....#
#...).##.#
#..##.##g###..)
#.. #..@.......
#.. ####g......
#.. .#..... #..
.# #... #.# ##
.. .


You could see 2 gnolls.

Vanquished Creatures
  A sky beast (D:5)
  A black bear (D:5)
  2 phantoms (D:5)
  2 scorpions (D:5)
  A jelly (D:5)
  An orc priest (D:5)
  A hound (D:6)
  Jessica (D:3)
  Terence (D:2)
  An iguana (D:5)
  4 orc wizards
  A sleepcap (D:5)
  Robin (D:2)
  11 gnolls
  5 adders
  A shadow imp (D:5)
  2 white imps
  An ufetubus (D:5)
  3 dart slugs (D:1)
  8 orcs
  3 bats (D:1)
  8 endoplasms
  2 giant cockroaches
  11 goblins
  12 hobgoblins
  6 jackals
  3 kobolds
  5 quokkas
  5 ball pythons (D:1)
  4 frilled lizards
  2 rats
110 creatures vanquished.

Notes
Turn   | Place    | Note
-------+----------+-------------------------------------------
     0 | D:1      | JackS81 the Human Berserker began the quest for the Orb.
     0 | D:1      | Reached XP level 1. HP: 18/18 MP: 1/1
    54 | D:1      | Reached XP level 2. HP: 10/24 MP: 2/2
   289 | D:1      | Reached XP level 3. HP: 20/29 MP: 3/3
   476 | D:1      | Reached ** piety under Trog
   947 | D:1      | Reached XP level 4. HP: 35/35 MP: 4/4
  1375 | D:2      | Reached skill level 4 in Axes
  1505 | D:2      | Upgraded the game from 0.31-a0-559-g03b8d61ab2 to
                  | 0.31-a0-569-g7ea453304b
  1631 | D:2      | Noticed Robin
  1649 | D:2      | Killed Robin
  1650 | D:2      | Reached XP level 5. HP: 40/41 MP: 5/5
  1982 | D:2      | Noticed Terence
  2008 | D:2      | Killed Terence
  2527 | D:3      | Noticed Jessica
  2534 | D:3      | Killed Jessica
  2535 | D:3      | Reached skill level 1 in Shapeshifting
  2535 | D:3      | Reached XP level 6. HP: 45/47 MP: 6/6
  2649 | D:3      | HP: 2/70 [gnoll/+0 halberd (13)]
  2653 | D:3      | Reached skill level 5 in Axes
  2945 | D:3      | You fall into a shaft and drop 3 floors!
  3043 | D:5      | Entered Level 5 of the Dungeon
  3081 | D:5      | Reached XP level 7. HP: 24/53 MP: 7/7
  3264 | D:5      | Reached skill level 6 in Axes
  3488 | D:5      | Reached XP level 8. HP: 28/60 MP: 8/8
  3708 | D:5      | Reached skill level 7 in Axes
  3916 | D:4      | HP: 3/60 [gnoll/+0 spear (2)]
  3917 | D:4      | Slain by a gnoll

Illustrated notes

Levels and vault maps discovered:
D:1:      dpeg_arrival_short_road, layout_basic, serial_bayou_pond_a,
          st_stairs_12
D:2:      layout_loops_ring, uniq_robin, uniq_terence
D:3:      layout_basic, grunt_ministairs_10, uniq_jessica
D:4:      layout_loops_cross, serial_shops, nicolae_shop_trees, uniq_edmund
D:5:      layout_gridville, portal_sewer_entry_b, chequers_serial_rivers_micro_c
D:6:      layout_cave_pools, fedhas_altar_2,
          minmay_temple_entry_drinking_statues, minmay_misc_feat_chi

Skill      XL: |  1  2  3  4  5  6  7  8 |
---------------+-------------------------+-----
Axes           | 4 5 6 7 |  7.1
Shapeshifting  | 1 2 |  2.2
Dodging        | 3 4 |  4.4
Armour         | 3 |  3.7
Fighting       | 4 |  4.2

Action                     |  1- 3 |  4- 6 |  7- 9 || total
---------------------------+-------+-------+-------++-------
  Melee: Hand axe          |   119 |   207 |   119 ||   445
         Punch             |     1 |     1 |     3 ||     5
 Invoke: Trog's Hand       |       |     6 |     4 ||    10
         Berserk           |       |     3 |     3 ||     6
    Use: Potion            |       |     5 |     1 ||     6
   Stab: Sleeping          |       |     1 |       ||     1
 Armour: Animal skin       |    33 |    77 |    51 ||   161
  Dodge: Dodged            |    69 |   170 |    85 ||   324

Table legend: (Time is in decaauts)
 A = Elapsed time spent in this place.
 B = Non-inter-level travel time spent in this place.
 C = Inter-level travel time spent in this place.
 D = Time resting spent in this place.
 E = Time spent auto-exploring this place.
 F = Levels seen in this place.
 G = Mean time per level.
                   A        B        C        D        E       F      G
               +--------+--------+--------+--------+--------+-----+--------+
         Total |   3954 |   3908 |     46 |    421 |   2452 |   6 |  659.0 |
       Dungeon |   3954 |   3908 |     46 |    421 |   2452 |   6 |  659.0 |
               +--------+--------+--------+--------+--------+-----+--------+

Top non-repeatable levels by time:
     D:1: 1379 daAuts
     D:2: 954 daAuts
     D:5: 859 daAuts
     D:3: 639 daAuts
     D:6: 94 daAuts
     D:4: 27 daAuts
